 Dungeon Crawl Stone Soup version 0.23.1-37-gaa34b87b72 (webtiles) character file.

Game seed: 5785221820604943508

4192 Peloso the Carver (level 10, -4/84 HPs)
             Began as a Minotaur Fighter on Mar 23, 2019.
             Was an Elder of Okawaru.
             Slain by a killer bee (6 damage)
             ... on level 8 of the Dungeon.
             The game lasted 00:16:39 (6335 turns).

Peloso the Carver (Minotaur Fighter)                Turns: 6335, Time: 00:16:39

Health: -4/84      AC: 15    Str: 23    XL:     10   Next: 8%
Magic:  9/9        EV:  9    Int:  5    God:    Okawaru [****..]
Gold:   303        SH: 12    Dex: 11    Spells: 9/9 levels left

rFire    . . .     SeeInvis .   a - +1 long sword
rCold    + . .     Gourm    .   c - +0 shield
rNeg     . . .     Faith    .   o - +0 storm dragon scales
rPois    .         Spirit   .   (helmet restricted)
rElec    +         Reflect  .   (no cloak)
rCorr    .         Harm     .   s - +0 pair of gloves
MR       .....                  (no boots)
Stlth    ..........             (no amulet)
HPRegen  0.24/turn              (no ring)
MPRegen  0.11/turn              A - ring of protection from cold

@: lethally poisoned (-4 -> -10)
A: retaliatory headbutt, horns 2
a: Heroism, Renounce Religion


You were on level 8 of the Dungeon.
You worshipped Okawaru.
Okawaru was greatly pleased with you.
You were hungry.

You visited 2 branches of the dungeon, and saw 9 of its levels.

You collected 468 gold pieces.
You spent 165 gold pieces at shops.

Inventory:

Hand Weapons
 a - a +1 long sword (weapon)
Armour
 b - a +0 scale mail
 c - a +0 shield (worn)
 o - +0 storm dragon scales (worn)
 s - a +0 pair of gloves (worn)
Jewellery
 l - an uncursed ring of ice
 n - an uncursed ring of resist corrosion
 A - a ring of protection from cold (right hand)
Wands
 e - a wand of polymorph (6)
 v - a wand of enslavement (4)
Scrolls
 j - 2 scrolls of teleportation
 m - 2 scrolls of identify
 q - a scroll of fog
 r - 4 scrolls of enchant weapon
 t - a scroll of magic mapping
 u - a scroll of remove curse
 w - a scroll of amnesia
 y - a scroll of fear
 C - a scroll of blinking
Potions
 d - 3 potions of might
 g - 3 potions of haste
 h - 3 potions of mutation
 i - 6 potions of curing
 z - a potion of heal wounds
 B - a potion of magic
Comestibles
 f - 19 rations


   Skills:
 + Level 6.5 Fighting
 + Level 10.6 Long Blades
 + Level 8.8 Armour
 + Level 4.5 Dodging
 + Level 0.2 Stealth
 + Level 9.4 Shields
 + Level 0.2 Invocations


You had 9 spell levels left.
You didn't know any spells.
Your spell library contained the following spells:

 Spells                   Type           Power        Failure   Level  Hunger
 Shock                    Conj/Air       #...         100%        1    ##.....
 Swiftness                Chrm/Air       #.......     100%        2    ###....
 Static Discharge         Conj/Air       #.......     100%        3    ####...
 Airstrike                Air            #.........   100%        4    #####..
 Lightning Bolt           Conj/Air       #.........   100%        5    ######.


Dungeon Overview and Level Annotations

Branches:
Dungeon (8/15)             Temple (1/1) D:4
   Lair: D:8-11

Altars:
Ashenzari
Dithmenos
Fedhas
Gozag
Kikubaaqudgha
Nemelex Xobeh
Okawaru
Sif Muna
Uskayaw
Vehumet
Wu Jian
Xom
Yredelemnul
Zin

Shops:
D:5 *

Annotations:
D:8 Gastronok


Innate Abilities, Weirdness & Mutations

You reflexively headbutt those who attack you in melee.
You have a pair of horns on your head.


Message History

The phantom is heavily damaged.
You feel sick. The killer bee stings you!
* * * LOW HITPOINT WARNING * * *
The phantom hits you but does no damage.
Gastronok gurgles.
Gastronok waves his eye-stalks in wide circles.
The air twists around and strikes you!
* * * LOW HITPOINT WARNING * * *
A worker ant comes into view.
The killer bee stings you.
* * * LOW HITPOINT WARNING * * *
You closely miss the phantom.
The worker ant twitches its antennae in your direction.
You headbutt the phantom!
The phantom is almost destroyed.
* * * LOW HITPOINT WARNING * * *
You feel sick. You block the killer bee's attack.
The phantom hits you but does no damage.
The killer bee stings you.
You die...

..## #.........
....#########.........
............<........#
.....####............
#......##.........
.....#.#####......... .
..# #.### #.........
..w.######...###...).....
..aaOOcy@W##...##.......#
..##h####((......#.....##
######.>.#######
###........ #........
......... ..........
........... ............


You could see Gastronok, a phantom, a black bear, 2 ogres, a centaur, 2 worker
ants and a killer bee.

Vanquished Creatures
  Joseph (D:7)
  Grinder (D:6)
  Prince Ribbit (D:6)
  Sigmund (D:3)
  An orc warrior (D:6)
  A sky beast (D:5)
  2 black bears (D:8)
  6 ogres
  5 centaurs
  A phantom (D:8)
  3 scorpions
  12 killer bees
  4 howler monkeys
  A crimson imp (D:5)
  2 centaur zombies
  A bullfrog zombie (D:7)
  2 hounds (D:6)
  A jelly (D:5)
  6 orc priests
  A bullfrog skeleton (D:4)
  5 orc wizards
  A centaur skeleton (D:7)
  Jessica (D:3)
  Ijyb (D:3)
  An iguana (D:7)
  7 worker ants
  Robin (D:2)
  4 gnolls (D:5)
  11 adders
  A shadow imp (D:5)
  2 adder skeletons
  2 worms
  A dart slug (D:1)
  5 leopard geckos
  34 orcs
  2 ball pythons
  6 bats
  3 giant cockroaches
  11 goblins
  11 hobgoblins
  7 jackals
  4 quokkas
  7 frilled lizards
  A giant cockroach zombie (D:6)
  12 kobolds
  A leopard gecko skeleton (D:5)
  A quokka zombie (D:7)
  8 rats
  A rat zombie (D:6)
205 creatures vanquished.

Notes
Turn   | Place    | Note
-------+----------+-------------------------------------------
     0 | D:1      | Peloso the Minotaur Fighter began the quest for the Orb.
     0 | D:1      | Reached XP level 1. HP: 19/19 MP: 0/0
   313 | D:1      | Reached XP level 2. HP: 24/27 MP: 1/1
   802 | D:2      | Reached XP level 3. HP: 27/33 MP: 2/2
   811 | D:2      | Noticed Robin
  1049 | D:2      | Killed Robin
  1049 | D:2      | Reached skill level 3 in Long Blades
  1251 | D:2      | Reached XP level 4. HP: 15/40 MP: 3/3
  1500 | D:2      | Reached skill level 1 in Dodging
  1727 | D:3      | Noticed Sigmund
  1737 | D:3      | Killed Sigmund
  1737 | D:3      | Reached skill level 4 in Long Blades
  1737 | D:3      | Reached skill level 5 in Armour
  1737 | D:3      | Reached XP level 5. HP: 38/47 MP: 4/4
  1852 | D:3      | Noticed Jessica
  1866 | D:3      | Killed Jessica
  1866 | D:3      | Reached skill level 5 in Long Blades
  1866 | D:3      | Reached XP level 6. HP: 21/53 MP: 5/5
  2374 | D:3      | Reached skill level 5 in Shields
  2429 | D:3      | Found a shadowy altar of Dithmenos.
  2479 | D:3      | Noticed Ijyb
  2490 | D:3      | Killed Ijyb
  2715 | D:4      | Found a staircase to the Ecumenical Temple.
  2733 | Temple   | Entered the Ecumenical Temple
  2759 | Temple   | Became a worshipper of Warmaster Okawaru
  2818 | D:4      | Found a deep blue altar of Sif Muna.
  2830 | D:4      | Reached skill level 6 in Long Blades
  2870 | D:4      | Reached XP level 7. HP: 48/60 MP: 6/6
  3364 | D:5      | Entered Level 5 of the Dungeon
  3520 | D:5      | Reached * piety under Okawaru
  3809 | D:5      | Found a shimmering altar of Xom.
  3899 | D:5      | Found Mebo's General Store.
  3903 | D:5      | Bought a potion of heal wounds for 55 gold pieces
  3903 | D:5      | Bought a potion of haste for 110 gold pieces
  3961 | D:5      | Reached skill level 5 in Fighting
  3964 | D:5      | Reached XP level 8. HP: 52/68 MP: 7/7
  4107 | D:5      | Reached skill level 7 in Long Blades
  4646 | D:6      | Found an ancient bone altar of Kikubaaqudgha.
  4813 | D:6      | Reached ** piety under Okawaru
  4813 | D:6      | Reached skill level 8 in Long Blades
  5027 | D:6      | Noticed Grinder
  5039 | D:6      | Paralysed by Grinder for 3 turns
  5055 | D:6      | Killed Grinder
  5055 | D:6      | Reached XP level 9. HP: 53/75 MP: 8/8
  5087 | D:6      | Found a sparkling altar of Nemelex Xobeh.
  5357 | D:7      | Noticed Prince Ribbit
  5381 | D:6      | Killed Prince Ribbit
  5381 | D:6      | Reached *** piety under Okawaru
  5575 | D:7      | Noticed Joseph
  5590 | D:7      | Killed Joseph
  5590 | D:7      | Reached skill level 9 in Long Blades
  5950 | D:7      | Reached skill level 10 in Long Blades
  6089 | D:7      | Found an ornate altar of the Wu Jian Council.
  6273 | D:8      | Reached **** piety under Okawaru
  6299 | D:8      | Reached XP level 10. HP: 61/84 MP: 9/9
  6331 | D:8      | Noticed Gastronok
  6334 | D:8      | HP: 3/84 [killer bee (2)]
  6335 | D:8      | Slain by a killer bee

Skill      XL: |  1  2  3  4  5  6  7  8  9 |
---------------+----------------------------+-----
Armour         | 4 5 6 7 8 |  8.8
Shields        | 4 5 6 8 9 |  9.4
Long Blades    | 3 4 5 6 8 10 | 10.6
Fighting       | 4 5 6 |  6.5
Dodging        | 1 2 4 |  4.5
Stealth        | |  0.2
Invocations    | |  0.2

Action                   |  1- 3 |  4- 6 |  7- 9 | 10-12 || total
-------------------------+-------+-------+-------+-------++-------
Melee: Long sword        |   104 |   127 |   386 |    35 ||   652
       Headbutt          |     9 |    21 |    99 |     5 ||   134
Invok: Heroism           |       |       |     2 |       ||     2
  Use: Scroll            |       |       |    14 |       ||    14
  Eat: Chunk             |     1 |     6 |    11 |       ||    18
Armor: Scale mail        |    47 |    12 |       |       ||    59
       Storm dragon scal |       |    68 |   214 |    24 ||   306
Dodge: Dodged            |    30 |    36 |   107 |    16 ||   189
Block: Shield            |    63 |    68 |   276 |    32 ||   439
       Rpst.: Long sword |     7 |    10 |    33 |     4 ||    54
